Map: Ascension vers Aïur EC

Players

PAVEL

  • Race: Protoss Protoss
  • League: Gold
  • Spawn Location: 11:00

zidar - Winner!

  • Race: Zerg Zerg
  • League: Gold
  • Spawn Location: 5:00

VOD

Have the link to the VOD?

Description

Time

  • Played on: July 3, 2017, 11:26 a.m.
  • Length: 14:14
Show
View Real Time Build Order
Export as new Build Order

PAVEL Protoss 

Build Orders:  

Get SALT Encoding   

  12  0:01  Probe (Chrono Boost)  
  13  0:11  Probe (Chrono Boost)  
  14  0:22  Pylon  
  14  0:24  Probe (Chrono Boost)  
  15  0:31  Assimilator  
  15  0:41  Probe (Chrono Boost)  
  16  0:49  Gateway  
  16  0:51  Probe (Chrono Boost)  
  17  1:02  Probe (Chrono Boost)  
  18  1:15  Probe (Chrono Boost)  
  19  1:25  Probe (Chrono Boost)  
  20  1:31  Assimilator  
  20  1:37  Cybernetics Core  
  20  1:41  Zealot  
  20  1:45  Probe (Chrono Boost)  
  23  2:05  Assimilator  
  23  2:21  Pylon  
  23  2:24  Warp Gate (Chrono Boost)  
  23  2:31  Probe  
  23  2:35  Pylon  
  23  2:43  Adept  
  25  2:44  Probe  
  26  2:56  Robotics Facility  
  26  2:58  Robotics Facility  
  26  3:06  Probe  
  27  3:22  Mothership Core  
  29  3:38  Pylon  
  29  3:44  Immortal  
  29  3:45  Immortal  
  37  4:17  Zealot  
  37  4:22  Pylon  
  39  4:25  Immortal  
  39  4:30  Immortal  
  47  4:51  Stalker  
  49  5:04  Immortal  
  53  5:15  Pylon  
  47  5:56  Stargate  
  39  6:01  Stargate  
  31  6:38  Nexus  
  31  6:41  Void Ray  
  31  6:44  Void Ray  
  39  7:24  Void Ray  
  39  7:27  Void Ray  
  47  7:38  Assimilator  
  47  7:52  Probe  
  32  8:59  Pylon  
  32  9:01  Void Ray  
  32  9:02  Probe  
  33  9:20  Cybernetics Core  
  33  9:49  Probe  
  34  10:10  Pylon  
  34  10:20  Pylon  
  34  10:27  Assimilator  
  34  10:32  Stargate x2  
  34  10:45  Stargate  
  34  10:47  Probe  
  35  10:55  Probe  
  35  10:58  Probe  
  35  11:03  Gateway  
  37  11:05  Pylon  
  37  11:09  Probe  
  38  11:16  Void Ray  
  38  11:17  Void Ray  
  46  11:23  Probe  
  47  11:28  Void Ray  
  47  11:30  Probe  
  44  11:58  Probe  
  45  12:05  Fleet Beacon  
  43  12:08  Probe  
  40  12:16  Void Ray x2  
  40  12:19  Void Ray  
  38  12:37  Pylon  
  34  12:54  Probe  
  35  13:08  Probe  
  36  13:18  Probe  
  37  13:29  Probe  
  38  13:45  Probe, Pylon  
  39  14:01  Probe  
Show
View Real Time Build Order
Export as new Build Order

zidar Zerg - Winner!

Build Orders: Pool First 

Get SALT Encoding   

  12  0:01  Drone  
  13  0:12  Overlord  
  13  0:17  Drone  
  14  0:31  Drone x2  
  16  0:40  Drone  
  17  0:48  Spawning Pool  
  16  0:51  Drone  
  17  1:14  Hatchery  
  17  1:17  Drone  
  17  1:21  Drone  
  17  1:25  Extractor  
  17  1:29  Drone  
  17  1:37  Queen  
  19  1:47  Overlord  
  19  1:49  Drone  
  19  1:52  Zergling x2  
  21  2:03  Zergling x2  
  22  2:29  Drone x3  
  25  2:34  Queen  
  27  2:41  Pneumatized Carapace  
  27  2:52  Roach Warren  
  27  2:53  Drone x5  
  31  2:59  Overlord  
  31  3:24  Queen  
  33  3:32  Drone x6  
  39  3:40  Extractor  
  37  4:18  Drone x4  
  37  4:20  Drone  
  37  4:22  Overlord x3  
  37  4:23  Overlord  
  42  4:36  Zergling x2  
  43  4:40  Roach x2  
  43  4:41  Roach x4  
  43  4:44  Metabolic Boost  
  55  5:03  Roach  
  55  5:04  Roach x8  
  72  5:20  Zergling x6  
  75  5:30  Spine Crawler  
  75  5:31  Ravager x2  
  75  5:35  Spine Crawler  
  53  6:17  Roach x5  
  53  6:18  Roach x2  
  67  6:40  Overlord  
  67  6:41  Overlord x2  
  67  6:43  Zergling x2  
  67  6:44  Zergling x2  
  69  6:54  Ravager  
  69  6:56  Ravager x3  
  69  6:59  Zergling x12  
  79  7:05  Roach x2  
  83  7:13  Roach x2  
  87  7:24  Lair  
  55  8:42  Ravager x5  
  55  8:46  Roach x5  
  55  8:48  Zergling x30  
  65  9:09  Hydralisk Den  
  64  9:15  Ravager x3  
  67  9:25  Extractor  
  67  9:26  Extractor  
  47  9:49  Hydralisk x3  
  53  9:56  Drone x6  
  59  10:23  Hydralisk x6  
  71  10:31  Hatchery  
  70  10:44  Hydralisk  
  70  10:45  Hydralisk x3  
  78  11:03  Drone x3  
  81  11:06  Overlord  
  81  11:07  Overlord  
  81  11:10  Hydralisk  
  81  11:11  Hydralisk x3  
  70  11:56  Hydralisk x9  
  88  12:28  Hydralisk x5  
  98  12:51  Hydralisk x5  
  98  12:58  Overseer  
  108  13:05  Overlord x4  
  108  13:45  Roach  
  108  13:46  Roach x17  
Tags
 
Add a new tag
Caveats
  • Supply blocks, unpowered buildings, or Contaminate may cause inaccurate times.
  • Supply counts are checked every 10 seconds.